 Dungeon Crawl Stone Soup version 0.19.0-2-gae57169 (webtiles) character file.

91 Bekkur the Slasher (level 4, 0/33 HPs)
             Began as a Demonspawn Gladiator on Nov 6, 2016.
             Slain by a hobgoblin (3 damage)
             ... led by Robin
             ... on level 1 of the Dungeon.
             The game lasted 00:03:25 (1840 turns).

Bekkur the Slasher (Demonspawn Gladiator)           Turns: 1840, Time: 00:03:25

Health: 0/33       AC:  3    Str: 15    XL:     4   Next: 34%
Magic:  4/4        EV: 12    Int: 10    God:
Gold:   66         SH:  0    Dex: 14    Spells: 0 memorised, 3 levels left

rFire  . . .     SeeInvis .     a - +0 long sword
rCold  . . .     Gourm    .     b - +0 leather armour
rNeg   . . .     Faith    .     (no shield)
rPois  .         Spirit   .     (helmet restricted)
rElec  .         Reflect  .     (no cloak)
rCorr  .         Harm     .     (no gloves)
MR     .....                    (no boots)
Stlth  +.........               (no amulet)
                                (no ring)
                                (no ring)

@: no status effects
A: antennae 1, talons 1, spiny 1
a: no special abilities


You were on level 1 of the Dungeon.
You were not hungry.

You visited 1 branch of the dungeon, and saw 2 of its levels.

You collected 66 gold pieces.

Inventory:

Hand Weapons
 a - a +0 long sword (weapon)
 k - a +0 falchion
Missiles
 d - 3 throwing nets (quivered)
Armour
 b - a +0 leather armour (worn)
 c - a +0 helmet
Scrolls
 g - a scroll of remove curse {unknown}
 i - a scroll of blinking {unknown}
 l - a scroll of recharging {unknown}
 n - a scroll of teleportation {unknown}
 o - a scroll of identify {unknown}
Potions
 e - a potion of curing {unknown}
 m - a potion of heal wounds
 p - a potion of flight {unknown}
Comestibles
 f - 2 bread rations
 j - a meat ration


   Skills:
 - Level 2.0 Fighting
 + Level 4.7 Long Blades
 - Level 1.7 Throwing
 - Level 2.6 Dodging


You had 3 spell levels left.
You didn't know any spells.

Dungeon Overview and Level Annotations

Branches:
Dungeon (2/15)

Altars:


Innate Abilities, Weirdness & Mutations

You have a pair of small antennae on your head.
You have sharp toenails.
You are partially covered in sharp spines.


Message History

* * * LOW HITPOINT WARNING * * *
You are too injured to fight recklessly!
You are too injured to fight recklessly!
The hobgoblin no longer looks unusually strong.
The goblin no longer looks unusually strong.
All of the chunks of flesh in your inventory have rotted away.
Things that are here:
a club; a dagger; a goblin corpse The hobgoblin hits you.
* * * LOW HITPOINT WARNING * * *
There is a stone staircase leading up here.
You climb upwards.
There is a stone staircase leading down here.
You are too injured to fight recklessly!
You hit the hobgoblin. Your kick misses the hobgoblin.
The hobgoblin is almost dead.
The hobgoblin hits you.
* * * LOW HITPOINT WARNING * * *
The hobgoblin hits you.
You die...

.#...##......##.......# #.##
.#...##......##.......# #.##
.............##.......# #.##
##...#.......##.......## #.##
.......#.#.#...........#######.##
#####..#.#.####..............#.##
.......#.#.# ######(........#.##
.......#.#.####### #.........#...
...............g@# #.........####
...........###.### #.........##..
######..#### #.#######.########.#
#..######.........########.#
#..≈≈≈≈≈≈≈≈≈#####≈≈≈≈≈≈≈≈≈.#
#..≈#######≈#≈♣≈#≈#######≈.#
######..≈#<...8####8####8....#≈.#
....##..≈#.....'.......+.....#≈.#
....##..≈#8...8##8#'#8##8...8#≈.#


You could see a hobgoblin.

Vanquished Creatures
  Robin (D:2)
  2 adders (D:2)
  A gnoll (D:1)
  2 adder zombies (D:1)
  A worm (D:2)
  2 dart slugs (D:1)
  A leopard gecko (D:1)
  3 giant cockroaches
  10 goblins
  A hobgoblin (D:2)
  4 jackals (D:1)
  3 kobolds (D:1)
  3 bats (D:1)
  3 frilled lizards
  5 rats
42 creatures vanquished.

Notes
Turn   | Place    | Note
-------+----------+-------------------------------------------
     0 | D:1      | Bekkur the Demonspawn Gladiator began the quest for the Orb.
     0 | D:1      | Reached XP level 1. HP: 16/16 MP: 1/1
   148 | D:1      | Reached skill level 3 in Long Blades
   243 | D:1      | Gained mutation: You have a pair of small antennae on your head. [demonic ancestry]
   243 | D:1      | Reached XP level 2. HP: 22/22 MP: 2/2
   750 | D:1      | Gained mutation: You are partially covered in sharp spines. [demonic ancestry]
   750 | D:1      | Reached XP level 3. HP: 25/27 MP: 3/3
  1011 | D:1      | Reached skill level 4 in Long Blades
  1703 | D:2      | Gained mutation: You have sharp toenails. [demonic ancestry]
  1703 | D:2      | Reached XP level 4. HP: 33/33 MP: 4/4
  1797 | D:2      | Noticed Robin
  1830 | D:2      | Killed Robin
  1840 | D:1      | Slain by a hobgoblin

Skill      XL: |  1  2  3 |
---------------+----------+-----
Long Blades    | 3 4 |  4.7
Fighting       | |  2.0
Throwing       | |  1.7
Dodging        | |  2.6

Action                   |  1- 3 |  4- 6 || total
-------------------------+-------+-------++-------
Melee: Long sword        |    95 |    24 ||   119
       Kick              |       |     8 ||     8
  Eat: Chunk             |     3 |       ||     3
Armor: Leather armour    |    26 |     1 ||    27
Dodge: Dodged            |    77 |     8 ||    85
       Rpst.: Long sword |    21 |     2 ||    23
